 Dungeon Crawl Stone Soup version 0.29-a0-221-gceb61267dd (webtiles) character file.

Game seed: 3502057204620654511

7 mcwallace the Skirmisher (level 1, 0/18 HPs)
             Began as a Demonspawn Fighter on Feb 26, 2022.
             Slain by a kobold
             ... wielding a +0 short sword
              (2 damage)
             ... on level 1 of the Dungeon.
             The game lasted 00:00:19 (100 turns).

mcwallace the Skirmisher (Demonspawn Fighter)        Turns: 100, Time: 00:00:20

Health: 0/18       AC:  6    Str: 16    XL:     1   Next: 83%
Magic:  1/1        EV:  9    Int:  9    God:
Gold:   0          SH:  4    Dex: 12    Spells: 0/0 levels left

rFire   . . .      SeeInvis .   a - +0 war axe {axe}
rCold   . . .      Faith    .   c - +0 buckler
rNeg    . . .      Spirit   .   b - +0 scale mail
rPois   .          Reflect  .   (no helmet)
rElec   .          Harm     .   (no cloak)
rCorr   .          Rampage  .   (no gloves)
Will    .....                   (no boots)
Stlth   ..........              (no amulet)
HPRegen 0.06/turn               (no ring)
MPRegen 0.07/turn               (no ring)

@: no status effects
A: no striking features
a: no special abilities


You were on level 1 of the Dungeon.
You visited 1 branch of the dungeon, and saw 1 of its levels.


   Skills:
 + Level 3.1 Fighting
 + Level 1.9 Axes
 + Level 2.8 Armour
 + Level 0.3 Dodging
 + Level 2.8 Shields


You couldn't memorise any spells.
You didn't know any spells.
Your spell library was empty.

Inventory:

Hand Weapons
 a - a +0 war axe (weapon) {axe}
 f - a +2 mace of protection {mace}
   (You found it on level 1 of the Dungeon)
Missiles
 e - 29 stones (quivered) {throwing}
Armour
 b - a +0 scale mail (worn)
 c - a +0 buckler (worn)
Potions
 d - a potion of might
 g - a potion of lignification {unknown}

Dungeon Overview and Level Annotations

Branches:
Dungeon (1/15)

Altars:

...#### ##........##
# #### #.....>....#
..#
###..........#+#...#
...................#
...........$.......#
##.................#
#....#.#.g........#
##.#...####.......#
#.....).@K.......#
.....?.#††.........#
.......+............
.....?.#..........##
.......#..........
.......########...
....... ... ..


You could see a kobold.


Message History

You see here 12 gold pieces.
The jackal barely misses you. You block the jackal's attack.
The jackal bites you. The jackal barely misses you. 😮 HP[-1]
You take 1 damage, and now have 13/18 hp.
The jackal bites you but does no damage. 😕 HP[+1]
You barely miss the jackal. You block the jackal's attack.
The jackal bites you but does no damage.
You closely miss the jackal. The jackal barely misses you.
The jackal bites you but does no damage.
You closely miss the jackal. You block the jackal's attack.
The jackal closely misses you.
You hit the jackal but do no damage. You barely miss the jackal.
The jackal barely misses you.
You closely miss the jackal. You hit the jackal.
You kill the jackal!
The jackal bites you but does no damage.
The jackal bites you. The jackal barely misses you. 😮 HP[-1]
You take 1 damage, and now have 13/18 hp.
You hit the jackal. You closely miss the jackal.
You hit the jackal but do no damage.
The jackal bites you but does no damage.
The jackal bites you. x3 😮 HP[-3]
You take 3 damage, and now have 10/18 hp.
The jackal closely misses you.
The jackal bites you but does no damage.
You barely miss the jackal. You hit the jackal but do no damage.
The jackal bites you but does no damage.
The jackal barely misses you. You block the jackal's attack.
You closely miss the jackal. You hit the jackal.
You hit the jackal but do no damage.
The jackal bites you but does no damage.
The jackal closely misses you.
The jackal bites you but does no damage.
The jackal bites you.
* * * LOW HITPOINT WARNING * * *
The jackal bites you.
* * * LOW HITPOINT WARNING * * *
You block the jackal's attack.
The jackal bites you but does no damage. 😨 HP[-2]
You take 2 damage, and now have 8/18 hp.
You slash the jackal!
You kill the jackal!
You hit the jackal.
You kill the jackal!
You closely miss the jackal.
A kobold comes into view. It is wielding a +0 short sword.
The jackal barely misses you. The goblin closely misses you.
You block the jackal's attack. The hobgoblin hits you.
* * * LOW HITPOINT WARNING * * *
😨 HP[-1]
You take 1 damage, and now have 7/18 hp.
The kobold shouts!
You slash the goblin!
You kill the goblin!
You completely miss the jackal. You hit the hobgoblin.
The jackal bites you but does no damage.
The hobgoblin barely misses you. x2
The jackal bites you but does no damage. 😨 HP[+1]
The jackal bites you.
* * * LOW HITPOINT WARNING * * *
😨 HP[-1]
You take 1 damage, and now have 7/18 hp.
You slash the jackal!
You kill the jackal!
You barely miss the hobgoblin. The hobgoblin closely misses you.
You completely miss the hobgoblin. You barely miss the hobgoblin.
You barely miss the kobold.
The hobgoblin hits you but does no damage.
You block the hobgoblin's attack. You block the kobold's attack.
The hobgoblin hits you but does no damage.
You hit the hobgoblin. You barely miss the hobgoblin.
You closely miss the kobold. The hobgoblin barely misses you.
You block the kobold's attack. The hobgoblin completely misses you.
You block the hobgoblin's attack.
The kobold hits you with a +0 short sword.
* * * LOW HITPOINT WARNING * * *
😨 HP[-1]
You take 1 damage, and now have 6/18 hp.
You barely miss the hobgoblin. You hit the hobgoblin.
You hit the kobold but do no damage. You block the hobgoblin's attack.
The hobgoblin hits you.
* * * LOW HITPOINT WARNING * * *
You block the kobold's attack. The hobgoblin hits you.
* * * LOW HITPOINT WARNING * * *
😱 HP[-4]
You take 4 damage, and now have 2/18 hp.
MASSIVE DAMAGE!! (PAUSE)
You slash the hobgoblin!
You kill the hobgoblin!
You hit the hobgoblin.
You kill the hobgoblin!
You hit the kobold.
The kobold hits you with a +0 short sword.
You die...

Action                   || total
-------------------------++-------
Melee: War axe           ||    16
Armor: Scale mail        ||    16
Dodge: Dodged            ||    18
Block: Buckler           ||    14

Levels and vault maps discovered:
D:1:      dpeg_arrival_snail, layout_basic, serial_shops, nicolae_shop_crystal

Notes
Turn   | Place    | Note
-------+----------+-------------------------------------------
     0 | D:1      | mcwallace the Demonspawn Fighter began the quest for the
                  | Orb.
     0 | D:1      | Reached XP level 1. HP: 18/18 MP: 1/1
     0 | D:1      | magus.rc [v1.9.6]
    99 | D:1      | HP: 2/18 [hobgoblin (3)]
   100 | D:1      | Slain by a kobold

Vanquished Creatures
  A goblin (D:1)
  2 hobgoblins (D:1)
  4 jackals (D:1)
7 creatures vanquished.

Table legend:
 A = Non-vault XP
 B = Vault XP
 C = Vault XP percentage of total XP
 D = Non-vault monster count
 E = Vault monster count
 F = Vault count percentage of total count
                 A         B        C        D         E       F
            +---------+---------+-------+---------+---------+-------
      Total |      14 |       0 |   0.0 |       7 |       0 |   0.0
            +---------+---------+-------+---------+---------+-------
        D:1 |      14 |       0 |   0.0 |       7 |       0 |   0.0
            +---------+---------+-------+---------+---------+-------

Illustrated notes

Table legend:
 A = Kills in this place as a percentage of kills in entire the game.
 B = Kills by you in this place as a percentage of kills by you in the entire game.
 C = Kills by friends in this place as a percentage of kills by friends in the entire game.
 D = Other kills in this place as a percentage of other kills in the entire game.
 E = Experience gained in this place as a percentage of experience gained in the entire game.
 F = Experience gained in this place divided by the number of levels of this place that you have seen.
                   A       B       C       D       E      F
               +-------+-------+-------+-------+-------+----------------------
         Total | 100.0 | 100.0 |   N/A |   N/A | 100.0 |  14.0
       Dungeon | 100.0 | 100.0 |   N/A |   N/A | 100.0 |  14.0
               +-------+-------+-------+-------+-------+----------------------

Table legend: (Time is in decaauts)
 A = Elapsed time spent in this place.
 B = Non-inter-level travel time spent in this place.
 C = Inter-level travel time spent in this place.
 D = Time resting spent in this place.
 E = Time spent auto-exploring this place.
 F = Levels seen in this place.
 G = Mean time per level.
                   A        B        C        D        E       F      G
               +--------+--------+--------+--------+--------+-----+--------+
         Total |    106 |    106 |      0 |      0 |     69 |   1 |  106.0 |
       Dungeon |    106 |    106 |      0 |      0 |     69 |   1 |  106.0 |
               +--------+--------+--------+--------+--------+-----+--------+

Top non-repeatable levels by time:
     D:1: 106 daAuts
